 Dungeon Crawl Stone Soup version 0.26-a0-810-ge1a9524b62 (webtiles) character file.

Game seed: 14368102677464192059

291207 jasper the Warrior (level 20, -15/208 HPs)
             Began as a Palentonga Delver on Nov 13, 2020.
             Was the Champion of Ashenzari.
             Killed from afar by a deep elf mage (21 damage)
             ... with a lance of force
             ... on level 3 of the Vaults.
             The game lasted 01:13:57 (42102 turns).

jasper the Warrior (Palentonga Delver)             Turns: 42102, Time: 01:13:58

Health: -15/208    AC: 33    Str: 26    XL:     20   Next: 30%
Magic:  20/20      EV:  6    Int: 18    God:    Ashenzari [******]
Gold:   1442       SH: 30    Dex: 12    Spells: 16/19 levels left

rFire    + + .     SeeInvis +   o - +9 broad axe (freeze) (curse)
rCold    + . .     Faith    .   a - +10 tower shield of Ignorance {rN+ Int-4} (curse)
rNeg     + + .     Spirit   .   J - +0 plate armour "Ryepn" {rC+ Str+4 Int+6} (curse)
rPois    .         Reflect  .   w - +0 helmet {Int+3} (curse)
rElec    .         Harm     .   z - +2 cloak of Feasting {rF+ Regen+ Stlth-} (curse)
rCorr    .         Rampage  .   q - +2 pair of gloves (curse)
MR       +....     Clarity  +   (no barding)
Stlth    ..........             E - amulet of regeneration (curse)
HPRegen  1.24/turn              x - ring of protection from fire (curse)
MPRegen  0.17/turn              M - ring of positive energy (curse)

@: curled up
A: large, rugged brown scales 3, see invisible, deformed body, roll, armoured
tail, reflexive curl
}: 1/15 runes: decaying
a: Rolling Charge, Curse Item, Scrying, Transfer Knowledge, Renounce Religion


You were on level 3 of the Vaults.
You worshipped Ashenzari.
Ashenzari was exalted by your worship.
You visited 6 branches of the dungeon, and saw 33 of its levels.
You visited the Abyss 3 times.
You also visited: Bailey.

You collected 3786 gold pieces.
You spent 2344 gold pieces at shops.

Inventory:

Hand Weapons
 o - a cursed +9 broad axe of freezing (weapon)
 r - a +9 vorpal broad axe
Missiles
 n - 71 poisoned darts (quivered)
 t - 77 boomerangs
 T - 3 throwing nets
 Z - 13 javelins
Armour
 a - the cursed +10 tower shield of Ignorance (worn) {rN+ Int-4}
   (You bought it in a shop on level 2 of the Orcish Mines)

   It affects your intelligence (-4).
   It protects you from negative energy.
   It has a curse placed upon it.
 q - a cursed +2 pair of gloves (worn)
 w - a cursed +0 helmet of intelligence (worn)
 z - the cursed +2 cloak of Feasting (worn) {rF+ Regen+ Stlth-}
   (You bought it in a shop on level 2 of the Orcish Mines)

   It protects you from fire.
   It increases your rate of regeneration.
   It makes you less stealthy.
   It has a curse placed upon it.
 J - the cursed +0 plate armour "Ryepn" (worn) {rC+ Str+4 Int+6}
   (You found it on level 9 of the Dungeon)

   It affects your strength (+4).
   It affects your intelligence (+6).
   It protects you from cold.
   It has a curse placed upon it.
Jewellery
 x - a cursed ring of protection from fire (left hand)
 E - a cursed amulet of regeneration (around neck)
 M - a cursed ring of positive energy (right hand)
 V - a +6 ring of intelligence
Wands
 g - a wand of digging (4)
 p - a wand of flame (26)
 u - a wand of paralysis (18)
 A - a wand of iceblast (7)
 F - a wand of polymorph (23)
 H - a wand of enslavement (8)
 O - a wand of disintegration (28)
 S - a wand of acid (7)
Scrolls
 c - 4 scrolls of fog
 d - 14 scrolls of immolation
 e - 5 scrolls of fear
 f - 6 scrolls of magic mapping
 h - a scroll of silence
 B - 3 scrolls of remove curse
 G - 8 scrolls of teleportation
 K - 3 scrolls of summoning
 L - a scroll of amnesia
 N - 3 scrolls of torment
 Q - 22 scrolls of identify
 U - 10 scrolls of enchant armour
 W - a scroll of holy word
 Y - a scroll of vulnerability
Potions
 i - 3 potions of flight
 j - 3 potions of magic
 k - 7 potions of ambrosia
 l - 5 potions of curing
 D - a potion of attraction
 P - 5 potions of lignification
 R - 6 potions of mutation
Miscellaneous
 b - a phantom mirror
 s - a box of beasts
 v - a phial of floods
 y - a condenser vane (inert)
 I - a lightning rod (4/4)


   Skills:
 * Level 20.8 Fighting
 - Level 16.1(20.0) Axes
 - Level 16.1(20.0) Armour
 - Level 1.5 Dodging
 - Level 3.3 Stealth
 + Level 10.3(13.1) Shields
 + Level 6.4(11.0) Hexes
 - Level 12.0(16.1) Evocations


You had 16 spell levels left.
You knew the following spells:

 Your Spells              Type           Power        Failure   Level
a - Confusing Touch       Hex            #####...     5%          3

Your spell library contained the following spells:

 Spells                   Type           Power        Failure   Level
 Sandblast                Erth           #.....       77%         1
 Sting                    Tmut/Pois      #...         77%         1
 Poisonous Vapours        Pois/Air       #.....       88%         2
 Gell's Gravitas          Tloc           #.........   98%         3
 Ignite Poison            Fire/Tmut/Pois #.......     98%         3
 Mephitic Cloud           Conj/Pois/Air  #.......     98%         3
 Metabolic Englaciation   Hex/Ice        ###.......   99%         5
 Yara's Violent Unravell  Hex/Tmut       ###.......   99%         5
 Olgreb's Toxic Radiance  Pois           #.......     100%        4
 Petrify                  Tmut/Erth      #.......     100%        4
 Borgnjor's Vile Clutch   Necr/Erth      #.........   100%        5
 Statue Form              Tmut/Erth      #........    100%        6


Dungeon Overview and Level Annotations

Branches:
Dungeon (15/15)            Temple (0/1) D:5            Lair (6/6) D:11
  Swamp (4/4) Lair:4       Shoals (0/4) Lair:2        Slime (0/5) Lair:5
    Orc (2/2) D:12            Elf (3/3) Orc:2        Vaults (3/5) D:13
  Crypt (0/3) Vaults:2     Depths (0/5) D:15         Bailey (visited)

Altars:
Ashenzari
Dithmenos
Elyvilon
Fedhas
Nemelex Xobeh
Okawaru
Qazlal
Sif Muna
Trog
Vehumet
Xom
Yredelemnul
Beogh

Shops:
Orc:2 }[**   Elf:1 [*   Elf:3 (

Annotations:
D:4 1 runed translucent door
D:14 1 transporter
Swamp:2 1 runed translucent door, Qucw's ghost, adept GnSk
Elf:3 1 exclusion
Vaults:3 Jory


Innate Abilities, Weirdness & Mutations

You are completely covered in rugged brown scales. (AC +3, +7% HP)
You have supernaturally acute eyesight. (SInv)
Armour fits poorly on your strangely shaped body.
You can roll at foes to attack.
You have a long armoured tail.
You curl defensively after being hit.


Message History

* * * LOW HITPOINT WARNING * * *
The tentacled monstrosity constricts you!
The vault sentinel blows a loud note on a signal horn!
You take 2 damage, and have 5/208 hp.
Unknown command.
The tentacled monstrosity's grasp on you weakens, but your attempt to escape fails.
Your surroundings suddenly seem different.
Something loses its grip on you.
A deep elf knight comes into view. It is wielding a +0 long sword.
The deep elf knight shouts!
A deep elf archer comes into view. It is wielding a +0 short sword.
The deep elf archer shouts!
A deep elf mage comes into view. It is wielding a -1 dagger.
The deep elf mage shouts!
A deep elf mage comes into view. It is wielding a +0 long sword.
The deep elf mage shouts!
A deep elf mage comes into view. It is wielding a +2 dagger of flaming.
The deep elf mage gestures at you while chanting.
The lance of force hits you!!
You die...

,, , , *
**##+######
#.......#
#.....ee#
#.......#
#.....e.#
,*
#......e# ,
* ***
#...e...#
,,,,,,
,+.....@.#
* , ,,
#.......#
,+,,,,,,
,#.......#
,,
#.......#
,,,,,,
#########
,* , ,* ,**
** *** **


You could see a deep elf archer (repels missiles), a deep elf knight and 3 deep
elf magi.

Vanquished Creatures
  Saint Roka (Vaults:1)
  A bone dragon (Abyss:3)
  A tentacled monstrosity (Vaults:1)
  Asterion (Elf:1)
  3 tentacled starspawn (Abyss:3)
  A sphinx (D:13)
  A tengu reaver (D:13)
  A thorn hunter (Swamp:3)
  Donald (Vaults:1)
  Kirke (Lair:6)
  2 fire giants
  A deep elf sorcerer (Elf:1)
  A fenstrider witch (Swamp:3)
  Louise (D:14)
  5 vault wardens (Vaults:2)
  4 ironheart preservers
  5 deep elf elementalists (Elf:3)
  2 stone giants
  6 deep elf demonologists
  4 deep elf annihilators
  4 dire elephants (Lair:6)
  5 bunyips
  7 eleionomae
  An ettin (Vaults:2)
  4 deep elf death magi
  3 fire dragons
  3 deep elf high priests
  4 yaktaur captains
  Harold (Lair:1)
  2 great orbs of eyes (Vaults:2)
  2 shambling mangroves (Swamp:4)
  12 vault guards
  15 hydras
  2 death knights (Vaults:2)
  4 catoblepae
  5 centaur warriors
  13 boulder beetles
  An anaconda (Lair:6)
  A deep troll shaman (Vaults:2)
  3 death yaks (D:11)
  7 ogre magi
  A deep troll earth mage (Vaults:2)
  13 dancing weapons
  13 two-headed ogres
  7 alligators
  A death yak (shapeshifter) (Vaults:2)
  A thrashing horror (Abyss:3)
  4 tengu warriors
  4 orc high priests
  A wretched star (Abyss:3)
  18 deep elf knights
  2 goliath frogs
  A hell knight (Abyss:3)
  A sixfirhy (Abyss:3)
  3 skeletal warriors (Vaults:2)
  A fire crab (Abyss:3)
  A deep troll (shapeshifter) (Vaults:2)
  A spatial maelstrom (Abyss:3)
  3 deep trolls (Vaults:2)
  A spriggan druid (Swamp:4)
  A storm dragon skeleton (Vaults:3)
  3 glowing orange brains
  9 swamp dragons
  An unseen horror (D:14)
  15 bog bodies
  Pikel (D:4)
  6 wizards
  8 orc knights
  7 ironbrand convokers
  18 deep elf archers
  67 deep elf magi
  A necromancer (Vaults:3)
  A wolf spider zombie (D:15)
  9 ugly things
  2 manticores
  2 frost giant zombies (Vaults:3)
  2 wolf spiders
  6 orc sorcerers
  8 cyclopes
  3 will-o-the-wisps
  3 worldbinders (Abyss:3)
  16 elephants (Lair:6)
  6 vault sentinels
  3 smoke demons
  7 black mambas
  A gargoyle (D:15)
  A torpor snail (Lair:4)
  2 rime drakes
  11 cane toads
  2 centaur skeletons
  A yaktaur zombie (Vaults:3)
  8 komodo dragons
  A komodo dragon (shapeshifter) (Vaults:2)
  A tengu conjurer (D:15)
  An efreet (D:13)
  2 hellions
  18 yaktaurs
  2 freezing wraiths (Vaults:1)
  An entropy weaver simulacrum (Vaults:1)
  A queen bee (Lair:5)
  A queen bee (shapeshifter) (Vaults:1)
  4 trolls
  A polar bear (shapeshifter) (D:14)
  3 polar bears
  8 meliai
  A wind drake (Lair:2)
  8 tyrant leeches
  6 raiju
  A dream sheep (shapeshifter) (Elf:1)
  10 hornets
  10 slime creatures
  16 blink frogs
  4 dream sheep (Lair:4)
  5 flying skulls (Abyss:3)
  9 large abominations
  4 shadows
  3 air elementals
  4 wraiths
  A vampire (D:12)
  A spriggan (shapeshifter) (D:15)
  17 spriggans
  6 hogs (Lair:6)
  7 wyverns
  An ettin skeleton (Vaults:3)
  19 humans (D:13)
  A ynoxinul (Abyss:3)
  A basilisk (shapeshifter) (Vaults:2)
  6 water elementals
  6 fire elementals
  3 basilisks
  3 fire bats (Lair:2)
  44 yaks
  Eustachio (D:6)
  3 vampire mosquitoes
  2 neqoxecs (Abyss:3)
  3 chaos spawn (Abyss:3)
  A yaktaur simulacrum (Vaults:2)
  A steam dragon (D:12)
  18 swamp worms
  7 wargs
  A spatial vortex (Abyss:3)
  4 hell hounds (Abyss:3)
  10 water moccasins
  37 orc warriors
  7 swamp drakes (Swamp:4)
  4 sky beasts
  A hornet zombie (D:7)
  2 ice beasts
  2 black bears (D:10)
  20 ogres
  2 phantoms
  10 centaurs
  36 wolves
  3 boggarts (Lair:5)
  A lemure (D:4)
  2 big kobolds
  A small abomination (Abyss:3)
  Blork the orc (D:5)
  6 earth elementals
  25 bullfrogs
  A wyvern zombie (D:10)
  A wyvern skeleton (D:12)
  30 killer bees
  2 water moccasin skeletons
  A scorpion (D:5)
  An orc simulacrum (Vaults:2)
  16 wights
  A howler monkey (D:7)
  An electric eel (Lair:4)
  2 bullfrog zombies
  6 centaur zombies
  3 quasits
  2 starcursed masses (Abyss:3)
  An iron imp (Abyss:3)
  30 orc priests
  4 hounds
  5 jellies
  41 orc wizards
  A bullfrog skeleton (D:8)
  6 iguanas
  10 worker ants
  A hound zombie (D:6)
  A howler monkey skeleton (D:8)
  15 adders
  4 gnolls
  2 river rats (Lair:4)
  3 shadow imps
  A white imp (Abyss:3)
  2 ufetubi
  2 oozes
  3 adder zombies
  2 adder skeletons
  2 worms
  2 leopard geckos
  96 orcs
  3 giant cockroaches
  7 goblins
  14 hobgoblins
  24 jackals
  27 kobolds
  4 quokkas
  A ball python (D:1)
  10 bats
  A frilled lizard (D:1)
  A jackal zombie (D:7)
  7 rats
  A lurking horror (Abyss:3)
1303 creatures vanquished.

Vanquished Creatures (collateral kills)
  the Lernaean hydra (Swamp:4)
  Jorgrun (D:15)
  An orc warlord (Bailey)
  A deep elf annihilator (Vaults:3)
  2 hydras (Swamp:4)
  A dancing weapon (Elf:2)
  A sixfirhy (Elf:2)
  A bog body (Swamp:4)
  A centaur zombie (D:15)
  A vault sentinel (Vaults:3)
  A basilisk (D:15)
12 creatures vanquished.

Vanquished Creatures (others)
  An eldritch tentacle (Abyss:3)
  A deep elf high priest (Elf:3)
  A deep elf knight (Elf:1)
  A swamp dragon (Abyss:3)
  A mana viper (Abyss:3)
  A deep elf mage (Elf:2)
  4 bloated husks
  A starcursed mass (Abyss:3)
  A water elemental (Elf:3)
  A bullfrog skeleton (D:13)
  An orc wizard (Orc:2)
  A briar patch (Swamp:3)
  2 bushes (Swamp:4)
  10 foxfires
  36 fungi
  34 plants
  5 starspawn tentacles (Abyss:3)
102 creatures vanquished.

Grand Total: 1417 creatures vanquished

Notes
Turn   | Place    | Note
-------+----------+-------------------------------------------
     0 | D:5      | jasper the Palentonga Delver began the quest for the Orb.
     0 | D:5      | Reached XP level 1. HP: 20/20 MP: 1/1
     0 | D:5      | Found a broken altar of Ashenzari.
     8 | D:5      | Became a worshipper of Ashenzari the Shackled
   247 | D:5      | Reached XP level 2. HP: 24/27 MP: 2/2
   397 | D:3      | Found a bloodstained altar of Trog.
   661 | D:3      | Reached XP level 3. HP: 27/33 MP: 3/3
  1554 | D:1      | Reached XP level 4. HP: 28/40 MP: 4/4
  2226 | D:2      | Found a basalt altar of Yredelemnul.
  3331 | D:3      | Found a faded altar of an unknown god.
  3355 | D:3      | Reached skill level 5 in Axes
  3512 | D:3      | Reached XP level 5. HP: 48/48 MP: 5/5
  3988 | D:4      | Found a shimmering altar of Xom.
  4023 | D:4      | Noticed a lemure
  4025 | D:4      | Noticed Pikel
  4035 | D:4      | Noticed a lemure
  4038 | D:4      | Noticed a lemure
  4039 | D:4      | Killed a lemure
  4043 | D:4      | Noticed a lemure
  4051 | D:4      | Killed Pikel
  4051 | D:4      | Reached XP level 6. HP: 49/54 MP: 6/6
  4051 | D:4      | Gained mutation: You curl defensively after being hit.
                  | [Palentonga growth]
  4051 | D:4      | Reached XP level 7. HP: 54/60 MP: 7/7
  4119 | D:4      | Reached * piety under Ashenzari
  4695 | D:4      | Found a white marble altar of Elyvilon.
  4696 | D:4      | Found a runed translucent door.
  4696 | D:4      | Noticed an angel
  5611 | D:5      | Found a staircase to the Ecumenical Temple.
  5612 | D:5      | Noticed Blork the orc
  5621 | D:5      | Killed Blork the orc
  5621 | D:5      | Reached skill level 1 in Armour
  5920 | D:5      | Found a sparkling altar of Nemelex Xobeh.
  6010 | D:5      | Found a radiant altar of Vehumet.
  6013 | D:5      | Found a white marble altar of Elyvilon.
  6029 | D:5      | Found an iron altar of Okawaru.
  6032 | D:5      | Found a blossoming altar of Fedhas.
  6115 | D:5      | Reached XP level 8. HP: 70/70 MP: 8/8
  6239 | D:5      | Reached skill level 4 in Fighting
  6655 | D:6      | Noticed Eustachio
  6690 | D:6      | Killed Eustachio
  6940 | D:6      | Reached skill level 5 in Fighting
  7259 | D:6      | Found a shimmering blue altar of Sif Muna.
  7363 | D:6      | Found a stormy altar of Qazlal.
  7520 | D:6      | Reached skill level 6 in Fighting
  7997 | D:6      | Reached XP level 9. HP: 24/82 MP: 3/9
  8886 | D:7      | Reached skill level 5 in Armour
  8925 | D:7      | Reached skill level 7 in Fighting
  9555 | D:8      | Reached ** piety under Ashenzari
 10173 | D:8      | Reached skill level 8 in Fighting
 10194 | D:8      | HP: 4/86 [killer bee (6)]
 10769 | D:9      | Reached XP level 10. HP: 68/96 MP: 10/10
 10879 | D:9      | Got the cursed plate armour "Ryepn" {rC+ Str+4 Int+6}
 10890 | D:9      | Identified the cursed +0 plate armour "Ryepn" {rC+ Str+4
                  | Int+6} (You found it on level 9 of the Dungeon)
 11001 | D:9      | Identified the cursed +1 chain mail of Okawaru's Esteem
                  | {Int+5 Stlth-}
 11283 | D:10     | Entered Level 10 of the Dungeon
 11303 | D:10     | Reached skill level 9 in Fighting
 11361 | D:10     | Reached *** piety under Ashenzari
 11419 | D:10     | Found a shadowy altar of Dithmenos.
 12136 | D:11     | Noticed a five-headed hydra
 12153 | D:11     | Killed a one-headed hydra
 12318 | D:11     | Reached skill level 10 in Fighting
 12546 | D:11     | Noticed a deep elf mage
 12551 | D:11     | Noticed a death yak
 12554 | D:11     | Killed a deep elf mage
 12554 | D:11     | Reached skill level 1 in Evocations
 12571 | D:11     | Killed a death yak
 12672 | D:11     | Found a staircase to the Lair.
 12674 | D:11     | Noticed a death yak
 12675 | D:11     | Noticed a death yak
 12702 | D:11     | Killed a death yak
 12702 | D:11     | Reached XP level 11. HP: 97/108 MP: 11/11
 12704 | D:11     | Killed a death yak
 13101 | Lair:1   | Entered Level 1 of the Lair of Beasts
 13121 | Lair:1   | Identified the +6 hand crossbow of Qyech {elec, Stlth+}
 13162 | Lair:1   | Reached skill level 11 in Fighting
 13786 | Lair:1   | Reached **** piety under Ashenzari
 14102 | Lair:1   | Noticed Harold
 14132 | Lair:1   | Killed Harold
 14702 | Lair:1   | Found the +8 whip "Snakebite" {curare, rPois}
 14885 | Lair:2   | Reached skill level 10 in Axes
 15094 | Lair:2   | Reached skill level 12 in Fighting
 15146 | Lair:2   | Identified the +2 leather armour "Mogg" {-Tele rF++ Int+4
                  | SInv}
 15185 | Lair:2   | Noticed a six-headed hydra
 15191 | Lair:2   | Killed a five-headed hydra
 15288 | Lair:2   | Reached XP level 12. HP: 97/119 MP: 12/12
 15479 | Lair:2   | Identified the +9 hunting sling "Ahages" {vorpal, rF+ rN++
                  | MR- Stlth+}
 15869 | Lair:2   | Found a staircase to the Shoals.
 15877 | Lair:2   | Reached skill level 5 in Evocations
 15900 | Lair:2   | HP: 6/120 [poisoned by a cane toad]
 15905 | Lair:2   | HP: 5/120 [poisoned by a cane toad]
 15910 | Lair:2   | HP: 4/120 [poisoned by a cane toad]
 15915 | Lair:2   | HP: 3/120 [poisoned by a cane toad]
 15920 | Lair:2   | HP: 4/120 [poisoned by a cane toad]
 15926 | Lair:2   | HP: 4/120 [poisoned by a cane toad]
 16665 | Lair:3   | Reached skill level 13 in Fighting
 17099 | Lair:4   | Found a staircase to the Swamp.
 17102 | Lair:4   | Noticed a four-headed hydra
 17114 | Lair:4   | Killed a one-headed hydra
 17525 | Lair:4   | Reached ***** piety under Ashenzari
 17989 | Lair:5   | Reached XP level 13. HP: 118/130 MP: 13/13
 18336 | D:12     | Reached skill level 10 in Armour
 18784 | D:12     | Found a staircase to the Orcish Mines.
 18796 | D:12     | Found a roughly hewn altar of Beogh.
 18867 | Orc:1    | Entered Level 1 of the Orcish Mines
 18910 | Orc:1    | Found a flagged portal.
 19027 | Bailey   | Entered a bailey
 19033 | Bailey   | Noticed an orc warlord
 19094 | Bailey   | Found a runed translucent gate.
 19096 | Bailey   | Found a runed translucent gate.
 19097 | Bailey   | Found a runed translucent gate.
 19167 | Bailey   | Killed an orc warlord
 19167 | Bailey   | Reached skill level 14 in Fighting
 19182 | Bailey   | Identified a scroll of acquirement
 19182 | Bailey   | Acquired a manual of Armour
 19183 | Bailey   | Identified the Incunabulum of Stones and Intoxication
 19201 | Bailey   | Reached XP level 14. HP: 141/141 MP: 14/14
 19406 | Orc:1    | Found a roughly hewn altar of Beogh.
 19937 | Orc:2    | Entered Level 2 of the Orcish Mines
 20385 | Orc:2    | Found Esixir's Assorted Antiques.
 20385 | Orc:2    | Found Vimpiatz's General Store.
 20388 | Orc:2    | Found Bafuga's Antique Armour Boutique.
 20390 | Orc:2    | Found Seimou's Gadget Boutique.
 20393 | Orc:2    | Bought the +2 cloak of Feasting {rF+ Regen+ Stlth-} for 433
                  | gold pieces
 20396 | Orc:2    | Bought a scroll of remove curse for 78 gold pieces
 20661 | Orc:2    | Found a staircase to the Elven Halls.
 22069 | Lair:5   | Found a staircase to the Slime Pits.
 22931 | Lair:6   | Entered Level 6 of the Lair of Beasts
 23010 | Lair:6   | Reached skill level 1 in Shields
 23045 | Lair:6   | Reached skill level 15 in Fighting
 23415 | Lair:6   | Reached XP level 15. HP: 150/150 MP: 15/15
 23494 | Lair:6   | Reached ****** piety under Ashenzari
 23848 | Lair:6   | Noticed Kirke
 23877 | Lair:6   | Killed Kirke
 24511 | Lair:6   | Identified the +0 cloak of Free Expression {Regen+ Str+4
                  | Int+4 Dex-2}
 25406 | Orc:2    | Bought the +10 tower shield of Ignorance {rN+ Int-4} for
                  | 1833 gold pieces
 25406 | Orc:2    | Found the +10 tower shield of Ignorance {rN+ Int-4}
 25583 | D:13     | Identified the ring of the Moon {Wiz rC+ Str+4}
 25876 | D:13     | Reached skill level 16 in Fighting
 26211 | D:13     | Found a gate to the Vaults.
 26534 | D:13     | Noticed a fire giant
 26537 | D:13     | Noticed a sphinx
 26560 | D:13     | Killed a sphinx
 26565 | D:13     | Killed a fire giant
 26565 | D:13     | Reached XP level 16. HP: 69/162 MP: 16/16
 26643 | D:13     | Noticed a tengu reaver
 26654 | D:13     | Killed a tengu reaver
 26712 | D:13     | Identified the cursed +2 great mace "Peduciraku" {vorpal,
                  | *Corrode rPois Str+3 SInv}
 26943 | D:14     | Reached skill level 5 in Shields
 27179 | D:14     | Noticed Louise
 27188 | D:14     | Cast into level 3 of the Abyss (Louise)
 27397 | Abyss:3  | Noticed a tentacled starspawn
 27397 | Abyss:3  | Noticed a tentacled starspawn
 27405 | Abyss:3  | Killed a tentacled starspawn
 27417 | Abyss:3  | Killed a tentacled starspawn
 27456 | Abyss:3  | Reached skill level 17 in Fighting
 27458 | D:14     | Escaped the Abyss
 27473 | D:14     | Killed Louise
 27576 | D:14     | Found a shadowy altar of Dithmenos.
 27647 | D:14     | Identified the +2 robe of Generosity {rN+ Int+7}
 27649 | D:14     | Found a radiant altar of Vehumet.
 27650 | D:14     | Found a transporter.
 27651 | D:14     | Noticed a sphinx
 27698 | D:15     | Entered Level 15 of the Dungeon
 27816 | D:15     | Found a staircase to the Depths.
 27924 | D:15     | Reached skill level 10 in Evocations
 28237 | D:15     | Noticed Jorgrun
 28257 | D:15     | Killed Jorgrun
 28257 | D:15     | Reached skill level 15 in Armour
 28327 | D:15     | Found a sparkling altar of Nemelex Xobeh.
 29191 | Swamp:1  | Entered Level 1 of the Swamp
 29504 | Elf:1    | Entered Level 1 of the Elven Halls
 29925 | Elf:1    | Noticed Asterion
 29943 | Elf:1    | Killed Asterion
 30102 | Elf:1    | Found Acwe's General Store.
 30102 | Elf:1    | Found Kipteeji's Antique Armour Shop.
 30374 | Elf:1    | Reached XP level 17. HP: 161/174 MP: 17/17
 30522 | Elf:1    | Cast into level 2 of the Abyss (a deep elf demonologist)
 30720 | Abyss:2  | Reached skill level 18 in Fighting
 30755 | Elf:1    | Escaped the Abyss
 30763 | Elf:1    | Noticed an Ice Fiend
 30764 | Elf:1    | Noticed a Hell Sentinel
 31452 | Elf:2    | Found a runed translucent gate.
 31452 | Elf:2    | Found a runed translucent gate.
 31452 | Elf:2    | Found a runed translucent gate.
 31716 | Elf:2    | Identified the +8 dagger of Ykixkono {freeze, rN+ Int+4}
 31717 | Elf:2    | Identified the +2 spear "Aubergine" {protect, +Rage}
 32005 | Elf:3    | Entered Level 3 of the Elven Halls
 32198 | Elf:3    | Noticed a Brimstone Fiend
 32340 | Elf:3    | Found Adduck's Antique Weapon Shoppe.
 33016 | Elf:3    | Reached skill level 19 in Fighting
 33345 | Elf:3    | Identified the cursed +1 great sword of the Puffball {holy,
                  | Dex+2}
 33356 | Elf:3    | Reached XP level 18. HP: 185/188 MP: 18/18
 34054 | Elf:2    | Cast into level 3 of the Abyss (+4 dire flail of
                  | distortion)
 34055 | Abyss:3  | Found a corrupted altar of Lugonu.
 34841 | Abyss:3  | Found a corrupted altar of Lugonu.
 34883 | Abyss:3  | Noticed a bone dragon
 34922 | Abyss:3  | Killed a bone dragon
 34924 | Elf:2    | Escaped the Abyss
 36068 | Swamp:2  | Found a runed translucent door.
 36068 | Swamp:2  | Found a shimmering altar of Xom.
 36068 | Swamp:2  | Noticed Qucw's ghost (adept GnSk)
 36451 | Swamp:3  | HP: 5/188 [thorn hunter/volley of thorns (14)]
 37328 | Swamp:4  | Entered Level 4 of the Swamp
 38095 | Swamp:4  | Reached skill level 15 in Axes
 38718 | Swamp:4  | Reached XP level 19. HP: 145/195 MP: 19/19
 38786 | Swamp:4  | Noticed the 27-headed Lernaean hydra
 38790 | Swamp:4  | Killed the 27-headed Lernaean hydra
 38813 | Swamp:4  | Got a decaying rune of Zot
 39055 | Vaults:1 | Entered Level 1 of the Vaults
 39057 | Vaults:1 | Noticed Saint Roka
 39070 | Vaults:1 | Killed Saint Roka
 39169 | Vaults:1 | Identified the cursed +1 ring mail of an ossuary {Str+7}
 39431 | Vaults:1 | Learned a level 3 spell: Confusing Touch
 39543 | Vaults:1 | Reached skill level 1 in Hexes
 39957 | Vaults:1 | Found the +7 great mace "Undeadhunter" {disrupt, rN+}
 39957 | Vaults:1 | Noticed Donald
 39974 | Vaults:1 | Killed Donald
 40464 | Vaults:2 | Found a staircase to the Crypt.
 40890 | Vaults:2 | Reached skill level 20 in Fighting
 41226 | Vaults:2 | Identified the +3 leather armour "Danann Lerch" {MR- Regen+
                  | Dex+4}
 41391 | Vaults:2 | Reached skill level 5 in Hexes
 41483 | Vaults:2 | Reached XP level 20. HP: 202/208 MP: 14/20
 41567 | Vaults:2 | Reached skill level 10 in Shields
 42030 | Vaults:3 | Noticed Jory
 42096 | Vaults:3 | HP: 6/208 [frost giant/bolt of cold (17)]
 42101 | Vaults:3 | HP: 5/208 [tentacled monstrosity (8)]
 42102 | Vaults:3 | Killed from afar by a deep elf mage

Illustrated notes

Levels and vault maps discovered:
D:1:      minmay_arrival_four_houses, layout_rooms
D:2:      layout_basic, yredelemnul_altar_generic
D:3:      layout_basic, marbit_many_paths, chequers_ecumenical_altar_island
D:4:      layout_basic, xom_teletrap_fun, lemuel_angel_altar, uniq_pikel
D:5:      layout_loops_ring, evilmike_ruin_ashenzari,
          grunt_temple_overflow_cloverleaf, minmay_temple_entry_stoned_glass,
          lemuel_statue_altar, uniq_blork_the_orc
D:6:      layout_loops_corners, led_sif_pool, nicolae_qazlal_eye_of_the_storm,
          uniq_eustachio
D:7:      layout_basic
D:8:      layout_loops_cross
D:9:      layout_loops_ring, minivault_27, minivault_10
D:10:     layout_cave_pods, basic_altar, abandoned_shop
D:11:     layout_roguey, dpeg_lair_monsters
D:12:     layout_irregular_city, minmay_orc_entry_temple_small
D:13:     minmay_sliced_demisemicircle, layout_irregular_city,
          grunt_vaults_entry_tiered, nrook_mini_backslash, minivault_12
D:14:     gammafunk_sealed_library, layout_cave_pools, grunt_decor_cap,
          basic_altar, uniq_louise
D:15:     grunt_enter_depths_giant_problem, layout_basic, corexii_corridor_pit,
          basic_altar, uniq_jorgrun
Lair:1:   minmay_guarded_unrand_snakebite, layout_small_grid, uniq_harold
Lair:2:   layout_gridlike, minmay_shoals_entry_beasts, grunt_megastairs_5
Lair:3:   layout_concentric_octagons
Lair:4:   layout_misc_corridors, minmay_swamp_entry_eels, pond
Lair:5:   kb_forest_paths, layout_layer_cave, slime_dummy, special_room
          [special_room_bee]
Lair:6:   due_jungle_book, layout_long_grid, serial_rivers,
          chequers_serial_rivers_small_a, chequers_serial_rivers_small_b,
          chequers_serial_rivers_small_b, chequers_serial_rivers_small_a,
          chequers_serial_rivers_room_b, chequers_serial_rivers_large_a,
          uniq_kirke
Swamp:1:  layout_basic_swamp, nicolae_swamp_little_tower, swamp_pool1
Swamp:2:  layout_falls_marsh, ebering_ghost_xom, evilmike_swamp_ruin_house_5,
          swamp_pool5, statue_in_the_mist_lemuel, infiniplex_staircase_pool_2
Swamp:3:  layout_falls_marsh, evilmike_swamp_ruin_rubble_2
Swamp:4:  grunt_swamp_rune_castle, layout_basic_swamp
Orc:1:    layout_diamond_mine, enter_bailey_2, basic_altar
Orc:2:    st_orc_mages, layout_caves
Elf:1:    minmay_elf_arrival_circle, layout_gridlike, hangedman_elf_represent,
          minmay_shoptagon, uniq_asterion
Elf:2:    layout_loops_corners, elves_outpost_lemuel
Elf:3:    elf_hall_gauntlet_wide, layout_onion_city, serial_shops, shop,
          kb_rosetta
Vaults:1: ontoclasm_vaults_gallery, hangedman_vaults_trim, v_misc_17,
          v_pattern_5, grunt_vaults_hallway_long, nicolae_vaults_shelves_hall,
          layout_vaults_quadrants, uniq_saint_roka, uniq_donald
Vaults:2: v_pattern_2, v_misc_14, blue_anna_dwarven_crypt,
          vaults_mumra_minichess_inversion, hangedman_vaults_maws,
          ontoclasm_vaults_hangar, v_misc_18, nicolae_vaults_circle_grid_b,
          ontoclasm_vaults_shuriken, ontoclasm_vaults_loading_screen, v_misc_12,
          vaults_room_fancy_cross, v_alt_pattern_4, vaults_mumra_hexcomb,
          layout_vaults_ring, portal_desolation_entry_nicolae_slug
Vaults:3: v_misc_26, nicolae_vaults_network_s, v_pattern_1,
          nicolae_vaults_yaktaur_gun_rack, nicolae_vaults_network_quinsquares
          [nicolae_vaults_network_quincunx_subvault,
          nicolae_vaults_network_quincunx_subvault,
          nicolae_vaults_network_quincunx_subvault,
          nicolae_vaults_network_quincunx_subvault],
          nicolae_vaults_shelves_hall, nicolae_vaults_ninety_degrees, v_misc_24,
          grunt_vaults_bifocal, st_greater_box_3, vaults_room_pool,
          nicolae_vaults_inception_statues, vaults_room_door_ring,
          nicolae_vaults_diagonal_hallway_7, layout_vaults_omnibox, uniq_jory

Skill      XL: |  1  2  3  4  5  6  7  8  9 10 11 12 13 14 15 16 17 18 19 20 |
---------------+-------------------------------------------------------------+-----
Axes           | 3 4 5 8 9 10 11 12 15 16 | 16.1
Armour         | 1 4 6 8 9 12 13 14 15 16 | 16.1
Fighting       | 6 8 10 12 13 14 15 16 17 19 20 | 20.8
Evocations     | 2 4 6 7 9 10 11 12 | 12.0
Shields        | 1 4 6 8 9 10 | 10.3
Hexes          | 5 6 |  6.4
Dodging        | |  1.5
Stealth        | |  3.3

Action                   |  1- 3 |  4- 6 |  7- 9 | 10-12 | 13-15 | 16-18 | 19-21 || total
-------------------------+-------+-------+-------+-------+-------+-------+-------++-------
Melee: Hand axe          |   142 |   116 |   101 |       |       |       |       ||   359
       Tailslap          |    10 |    11 |    51 |    81 |   193 |   244 |   101 ||   691
       War axe           |       |       |   313 |   503 |   999 |  1216 |       ||  3031
       Unarmed           |       |       |       |       |     4 |       |       ||     4
       Broad axe         |       |       |       |       |       |   269 |   544 ||   813
Throw: Dart              |       |    31 |    77 |    89 |    66 |    53 |       ||   316
       Stone             |       |    10 |       |       |       |       |       ||    10
       Throwing net      |       |       |       |     2 |       |       |       ||     2
 Cast: Confusing Touch   |       |       |       |       |       |       |     5 ||     5
Invok: Curse Item        |       |       |       |     4 |     2 |     1 |     2 ||     9
 Abil: Rolling Charge    |    17 |    15 |    39 |    39 |    38 |    18 |       ||   166
Evoke: Wand              |       |     2 |     6 |     9 |    16 |    42 |     3 ||    78
       Lightning rod     |       |       |       |     6 |    12 |    24 |       ||    42
       Phantom mirror    |       |       |       |       |     1 |       |     1 ||     2
       Condenser vane    |       |       |       |       |       |    10 |     2 ||    12
       Box of beasts     |       |       |       |       |       |     3 |     1 ||     4
  Use: Scroll            |     2 |     6 |     9 |     8 |     4 |    16 |     6 ||    51
       Potion            |       |     1 |     5 |     4 |     7 |     9 |     9 ||    35
 Stab: Paralysed         |       |    16 |    15 |       |     1 |     9 |       ||    41
       Sleeping          |       |       |     4 |     1 |       |       |       ||     5
       Invisible         |       |       |     1 |       |       |       |       ||     1
       Petrified         |       |       |       |       |       |    21 |       ||    21
       Distracted        |       |       |       |       |       |     2 |       ||     2
       Confused          |       |       |       |       |       |       |     4 ||     4
Armor: Leather armour    |    60 |    39 |    45 |       |       |       |       ||   144
       Plate armour      |       |       |   171 |   341 |   547 |   452 |   120 ||  1631
       Skin              |       |       |       |       |    51 |       |       ||    51
Dodge: Dodged            |    87 |    47 |   111 |   119 |   204 |   138 |    22 ||   728
Block: Buckler           |       |       |       |       |    96 |       |       ||    96
       Tower shield      |       |       |       |       |   231 |  1529 |   484 ||  2244

Table legend: (Time is in decaauts)
 A = Elapsed time spent in this place.
 B = Non-inter-level travel time spent in this place.
 C = Inter-level travel time spent in this place.
 D = Time resting spent in this place.
 E = Time spent auto-exploring this place.
 F = Levels seen in this place.
 G = Mean time per level.
                   A        B        C        D        E       F      G
               +--------+--------+--------+--------+--------+-----+--------+
         Total |  41892 |  39135 |   2757 |   6541 |  24284 |  37 | 1132.2 |
       Dungeon |  17847 |  16946 |    901 |   2273 |  11751 |  15 | 1189.8 |
          Lair |   8846 |   7760 |   1086 |   1023 |   5327 |   6 | 1474.3 |
         Swamp |   3871 |   3671 |    200 |   1394 |   1486 |   4 |  967.8 |
  Orcish Mines |   2307 |   2089 |    218 |    347 |   1272 |   2 | 1153.5 |
   Elven Halls |   4595 |   4318 |    277 |    854 |   2292 |   3 | 1531.7 |
        Vaults |   2949 |   2875 |     74 |     90 |   2039 |   3 |  983.0 |
         Abyss |   1303 |   1303 |      0 |    559 |     84 |   3 |  434.3 |
        Bailey |    172 |    172 |      0 |      0 |     32 |   1 |  172.0 |
               +--------+--------+--------+--------+--------+-----+--------+

Top non-repeatable levels by time:
  Lair:1: 2069 daAuts
   Elf:3: 1961 daAuts
     D:6: 1930 daAuts
  Lair:5: 1825 daAuts
     D:5: 1795 daAuts
  Lair:6: 1728 daAuts
Vaults:2: 1581 daAuts
     D:2: 1561 daAuts
 Swamp:3: 1526 daAuts
  Lair:2: 1478 daAuts
    D:11: 1404 daAuts
    D:13: 1402 daAuts
   Elf:2: 1361 daAuts
     D:3: 1272 daAuts
   Elf:1: 1271 daAuts
